 Dungeon Crawl Stone Soup version 0.20.1-1-g8b1a95d (webtiles) character file.

178 Rjadawoj the Cudgeler (level 5, -1/46 HPs)
             Began as a Minotaur Berserker on Oct 11, 2017.
             Was a Believer of Trog.
             Shot with an arrow by a centaur (9 damage)
             ... on level 3 of the Dungeon.
             The game lasted 00:34:43 (2390 turns).

Rjadawoj the Cudgeler (Minotaur Berserker)          Turns: 2390, Time: 00:34:44

Health: -1/46      AC: 11    Str: 21    XL:     5   Next: 32%
Magic:  4/4        EV:  7    Int:  4    God:    Trog [**....]
Gold:   158        SH:  0    Dex: 11    Spells: 4/4 levels left

rFire    . . .     SeeInvis .   o - +3 flail (venom)
rCold    . . .     Gourm    .   (no shield)
rNeg     . . .     Faith    .   d - +0 plate armour
rPois    .         Spirit   .   (helmet restricted)
rElec    .         Reflect  .   (no cloak)
rCorr    .         Harm     .   (no gloves)
MR       .....                  (no boots)
Stlth    ..........             (no amulet)
Regen    0.2/turn               (no ring)
MPRegen  0.1/turn               (no ring)

@: no status effects
A: retaliatory headbutt, horns 2
a: Berserk, Trog's Hand, Burn Spellbooks, Renounce Religion


You were on level 3 of the Dungeon.
You worshipped Trog.
Trog was pleased with you.
You were hungry.

You visited 1 branch of the dungeon, and saw 3 of its levels.

You collected 158 gold pieces.

Inventory:

Hand Weapons
 e - a +1 dagger of freezing
 o - a +3 flail of venom (weapon)
Armour
 d - a +0 plate armour (worn)
Jewellery
 f - an uncursed ring of flight {unknown}
 k - an uncursed ring of wizardry {unknown}
Scrolls
 b - 4 scrolls of identify {unknown}
 c - a scroll of immolation {unknown}
 g - 2 scrolls of magic mapping {unknown}
 h - a scroll of fog {unknown}
 j - a scroll of teleportation {unknown}
 l - 3 scrolls of remove curse {unknown}
Potions
 i - a potion of mutation {unknown}
 m - a potion of curing {unknown}
 p - a potion of cancellation {unknown}
 q - a potion of lignification {unknown}
 r - a potion of brilliance {unknown}
 s - a potion of flight {unknown}
Comestibles
 a - 2 royal jellies
 n - 3 fruits


   Skills:
 + Level 4.0 Fighting
 * Level 6.6 Maces & Flails
 - Level 2.5 Armour
 - Level 3.0 Dodging


You had 4 spell levels left.
You didn't know any spells.

Dungeon Overview and Level Annotations

Branches:
Dungeon (3/15)

Altars:
Gozag
Zin


Innate Abilities, Weirdness & Mutations

You reflexively headbutt those who attack you in melee.
You have a pair of horns on your head.


Message History

The centaur shoots an arrow.
The arrow barely misses you.
You are feeling hungry.
The centaur shoots an arrow.
The arrow closely misses you.
The centaur shoots an arrow.
The arrow hits you.
* * * LOW HITPOINT WARNING * * *
You see here an arrow.
The centaur shoots an arrow.
The arrow hits you but does no damage.
You see here 2 arrows.
The centaur shoots an arrow.
The arrow hits you but does no damage.
The centaur shoots an arrow.
The arrow hits you but does no damage.
You see here 2 arrows.
The centaur shoots an arrow.
The arrow hits you.
* * * LOW HITPOINT WARNING * * *
You see here an arrow.
Unknown command.
The centaur shoots an arrow.
The arrow hits you but does no damage.
You see here an arrow.
The centaur shoots an arrow.
The arrow hits you but does no damage.
The centaur shoots an arrow.
The arrow hits you!
You die...

#.# ##.#.### #.# #.#
#.######.#########.## #.#
##)..................# #.#
.)....###).########.####.#
####### #..##......(.....#
##...# #..##.##############
.....####..##.# ##(## #..
##............######.#.###.#
#########.......@...###.##.#
...........#########c#.###.#
#..........# ##.## #.# ####
.#########.# #(####.###(((
.# ####.# #.c.(.(c(..## .#
#....# ######.##### .#
#.#### #.# .# #.# #.#
.######.# #.#


You could see a centaur.

Vanquished Creatures
  An orc wizard (D:3)
  A gnoll (D:3)
  7 adders
  An ooze (D:2)
  A worm (D:2)
  A dart slug (D:2)
  A leopard gecko (D:1)
  7 orcs (D:3)
  A ball python (D:2)
  5 bats
  6 giant cockroaches
  7 goblins
  5 hobgoblins
  3 jackals (D:1)
  9 kobolds
  3 quokkas
  5 rats
64 creatures vanquished.

Notes
Turn   | Place    | Note
-------+----------+-------------------------------------------
     0 | D:1      | Rjadawoj the Minotaur Berserker began the quest for the Orb.
     0 | D:1      | Reached XP level 1. HP: 19/19 MP: 0/0
   387 | D:1      | Reached skill level 4 in Maces & Flails
   419 | D:1      | Reached XP level 2. HP: 23/26 MP: 1/1
   815 | D:2      | Reached XP level 3. HP: 27/31 MP: 2/2
   982 | D:1      | Reached skill level 5 in Maces & Flails
  1365 | D:2      | Found a glowing silver altar of Zin.
  1366 | D:2      | Found an opulent altar of Gozag.
  1403 | D:2      | Reached ** piety under Trog
  1412 | D:2      | Reached XP level 4. HP: 39/39 MP: 3/3
  2026 | D:3      | Reached skill level 6 in Maces & Flails
  2132 | D:3      | Reached XP level 5. HP: 46/46 MP: 4/4
  2364 | D:3      | Noticed a centaur
  2390 | D:3      | Shot with an arrow by a centaur

Skill      XL: |  1  2  3  4  5 |
---------------+----------------+-----
Maces & Flails | 4 5 6 |  6.6
Dodging        | 3 |  3.0
Fighting       | 4 |  4.0
Armour         | |  2.5

Action                   |  1- 3 |  4- 6 || total
-------------------------+-------+-------++-------
Melee: Mace              |    54 |    26 ||    80
       Headbutt          |    12 |    15 ||    27
       Flail             |       |    41 ||    41
Invok: Berserk           |     1 |       ||     1
  Eat: Bread ration      |     1 |       ||     1
       Fruit             |       |     1 ||     1
Armor: Plate armour      |    47 |    43 ||    90
Dodge: Dodged            |    25 |    34 ||    59
